 Dungeon Crawl Stone Soup version 0.29.1-15-g9cfb28693d (webtiles) character file.

Game seed: 11710805491636455149

135 Malafatrosto the Cudgeller (level 5, -1/31 (46) HPs)
             Began as a Meteoran Cinder Acolyte on Feb 25, 2023.
             Was an Initiate of Ignis.
             Succumbed to a hobgoblin's poison
             ... on level 3 of the Dungeon.
             The game lasted 00:11:17 (1276 turns).

Malafatrosto the Cudgeller (MeCA)                   Turns: 1276, Time: 00:11:18

HP:   -1/31 (46)    AC: 10    Str: 17    XL:     5   Next: 70%
MP:   8/8           EV:  5    Int: 16    God:    Ignis [......]
Gold: 135           SH:  0    Dex:  9    Spells: 6/6 levels left

rFire   + . .      SeeInvis .   a - -1 mace (flame)
rCold   . . .      Faith    .   (no shield)
rNeg    . . .      Spirit   .   e - +0 plate armour
rPois   .          Reflect  .   (no helmet)
rElec   .          Harm     .   (no cloak)
rCorr   .          Rampage  .   (no gloves)
Will    .....                   (no boots)
Stlth   ..........              (no amulet)
HPRegen 0.10/turn               (no ring)
MPRegen 0.11/turn               (no ring)

@: lethally poisoned (-1 -> -9), glowing, very heavily drained
A: sense surroundings 1, otherworldly, glowing, explore regen
a: Renounce Religion


You were on level 3 of the Dungeon.
You worshipped Ignis.
Ignis was noncommittal.
You visited 1 branch of the dungeon, and saw 3 of its levels.

You collected 135 gold pieces.

Inventory:

Hand Weapons
 a - a -1 mace of flaming (weapon)
 f - a +0 morningstar
Armour
 b - a +0 robe
 e - a +0 plate armour (worn)
Jewellery
 d - an amulet of reflection
Wands
 l - a wand of digging (6)
Scrolls
 c - a scroll of amnesia {unknown}
 h - 2 scrolls of vulnerability {unknown}
 j - 4 scrolls of identify
 k - a scroll of butterflies {unknown}
 m - a scroll of teleportation {unknown}
Potions
 g - 2 potions of curing {unknown}
 i - 2 potions of flight {unknown}
 n - a potion of heal wounds {unknown}


   Skills:
 + Level 4.1 Fighting
 * Level 5.8 Maces & Flails
 + Level 1.5 Armour
 + Level 0.8 Dodging
 + Level 0.2 Stealth
 + Level 1.3 Spellcasting
 + Level 4.3 Fire Magic


You had 6 spell levels left.
You didn't know any spells.
Your spell library contained the following spells:

 Spells                   Type           Power      Damage    Failure   Level
 Scorch                   Fire           30%        2d7       97%         2


Dungeon Overview and Level Annotations

Branches:
Dungeon (3/15) Zot: 700

Altars:

Annotations:
D:3 Ijyb


Innate Abilities, Weirdness & Mutations

You passively map a small area around you.
You are easily found by Zot.
You glow in the dark.
You regain HP and MP as you explore.


Message History

A bat comes into view.
The hobgoblin throws a poisoned dart.
The poisoned dart barely misses you.
Ijyb the Twisted Goblin comes into view.
She is wielding a +0 dagger and carrying a wand of acid (7).
The hobgoblin throws a poisoned dart.
The poisoned dart hits you.
You are poisoned.
You feel sick.
The hobgoblin throws a poisoned dart.
The poisoned dart hits you!
You are more poisoned.
You feel very sick.
The orc wizard casts a spell.
The orc wizard flickers and vanishes!
Deactivating autopickup; reactivate with Ctrl-A.
You feel sick.
An orc comes into view. It is wielding a +1 whip of venom.
The orc hits you but does no damage.
You feel sick. The orc attacks as you move away!
The orc hits you with a +0 short sword.
You feel sick.
You feel sick.
You feel sick.
You feel sick.
You feel sick.
You barely miss the orc.
You feel sick.
You are no longer poisoned.
The orc barely misses you. The orc hits you with a +0 short sword.
* * * LOW HITPOINT WARNING * * *
You barely miss the orc. The orc completely misses you.
The orc attacks as you move away! The orc hits you but does no damage.
The orc attacks as you move away! The orc hits you with a +0 short sword.
* * * LOW HITPOINT WARNING * * *
You hit the orc but do no damage. The orc hits you but does no damage.
You hit the orc. You burn the orc.
The orc is almost dead.
The orc hits you with a +0 short sword.
* * * LOW HITPOINT WARNING * * *
You hit the orc. You burn the orc.
You kill the orc!
The hobgoblin throws a poisoned dart.
The poisoned dart hits you!
You are lethally poisoned!
You die...

* #* , .., ######### *
#.###* #.......# *
#....#####.......######.
* #..g@........<..†....
##..######.####......
######.....##..#
.v§####.
........##.##..##.### *
#######...†.......#
###............#.#### *
#..............#...
.#........)...#...#* # ,
* #................#


You could see a hobgoblin.

Vanquished Creatures
  Jessica (D:3)
  Natasha (D:2)
  2 adders (D:2)
  A worm (D:3)
  2 dart slugs
  An orc (D:3)
  6 endoplasms
  3 giant cockroaches
  3 goblins
  4 hobgoblins (D:1)
  3 jackals (D:1)
  5 kobolds
  4 quokkas (D:1)
  6 ball pythons
  5 bats
  2 frilled lizards (D:1)
  9 rats
58 creatures vanquished.

Vanquished Creatures (others)
  74 foxfires
74 creatures vanquished.

Grand Total: 132 creatures vanquished

Notes
Turn   | Place    | Note
-------+----------+-------------------------------------------
     0 | D:1      | Malafatrosto the Meteoran Cinder Acolyte began the quest
                  | for the Orb.
     0 | D:1      | Reached XP level 1. HP: 19/19 MP: 3/3
    81 | D:1      | Reached XP level 2. HP: 23/26 MP: 5/5
   281 | D:1      | Reached XP level 3. HP: 31/31 MP: 6/6
   490 | D:1      | Glimpsed the power of Zot.
   536 | D:1      | Glimpsed the power of Zot.
   570 | D:2      | Reached XP level 4. HP: 40/40 MP: 7/7
   928 | D:2      | Reached skill level 5 in Maces & Flails
  1078 | D:2      | Glimpsed the power of Zot.
  1089 | D:2      | Noticed Natasha
  1104 | D:1      | You fall into a shaft and drop 1 floor!
  1123 | D:2      | Killed Natasha
  1124 | D:2      | Reached XP level 5. HP: 46/46 MP: 8/8
  1129 | D:2      | Glimpsed the power of Zot.
  1168 | D:2      | Glimpsed the power of Zot.
  1178 | D:2      | Touched by the power of Zot.
  1220 | D:3      | Noticed Jessica
  1233 | D:3      | Killed Jessica
  1234 | D:3      | Reached skill level 1 in Armour
  1255 | D:3      | Noticed Ijyb
  1274 | D:3      | HP: 1/31 [orc/+0 short sword (2)]
  1276 | D:3      | Succumbed to a hobgoblin's poison

Illustrated notes

Levels and vault maps discovered:
D:1:      evilmike_arrival_rings, layout_basic
D:2:      layout_basic, shapermc_ecumenical_altar_mp_vishouse, uniq_natasha
D:3:      layout_rooms, mainiacjoe_overflow_catwalk, uniq_crazy_yiuf_cottage,
          uniq_ijyb, uniq_jessica

Skill      XL: |  1  2  3  4  5 |
---------------+----------------+-----
Fire Magic     | 4 |  4.3
Maces & Flails | 5 |  5.8
Fighting       | 4 |  4.1
Armour         | 1 |  1.5
Dodging        | |  0.8
Stealth        | |  0.2
Spellcasting   | |  1.3

Action                   |  1- 3 |  4- 6 || total
-------------------------+-------+-------++-------
Melee: Mace              |    39 |    59 ||    98
       Punch             |     2 |     2 ||     4
       Morningstar       |    36 |       ||    36
Invok: Foxfire Swarm     |     4 |     4 ||     8
       Fiery Armour      |     2 |       ||     2
       Rising Flame      |       |     1 ||     1
  Use: Scroll            |     1 |       ||     1
       Potion            |     1 |       ||     1
Armor: Robe              |     5 |       ||     5
       Plate armour      |    60 |    52 ||   112
Dodge: Dodged            |    11 |    12 ||    23
